Islanders vs Canucks

Created - 13 octobre 2023 at 12:40

Goals
1 2 3 T
Islanders 0 2 0 2
Canucks 3 1 1 5
Shots
1 2 3 T
Islanders 6 13 14 33
Canucks 16 10 7 33

GoalsPenalties
1st period
1. Canucks , Ryan Johansen 7 (John Tavares 12) at 3:19
2. Canucks , John Tavares 9 (Josh Anderson 9, Jeff Petry 10) at 13:40
3. Canucks , Eeli Tolvanen 4 (Jesse Puljujarvi 5, Jonathan Toews 6) at 13:53
Oliver Ekman-Larsson (VAN) for Fighting (Major) at 3:09
Kyle Burroughs (NYI) for Fighting (Major) at 3:09
Josh Anderson (VAN) for Hooking (Minor) at 4:17
Ryan Johansen (VAN) for Hooking (Minor) at 19:28
2nd period
4. Islanders , Jakub Voracek 2 (Milan Lucic 3, Nicklas Backstrom 2) at 15:01
5. Islanders , Rasmus Asplund 1 (Filip Zadina 1, Simon Holmstrom 1) at 17:06
6. Canucks , Ryan Johansen 8 (John Tavares 13) at 18:42
Jonathan Toews (VAN) for Holding Stick (Minor) at 2:43
Caleb Jones (NYI) for Charging (Minor) at 11:41
3rd period
7. Canucks , John Tavares 10 (Josh Anderson 10, Jeff Petry 11) at 6:45 (PP)
Jesse Puljujarvi (VAN) for Interference (Minor) at 0:43
Kyle Burroughs (NYI) for Boarding (Minor) at 4:57
Oliver Ekman-Larsson (VAN) for Holding Stick (Minor) at 18:51
Goalie Stats
Mike Smith (NYI), 28 saves from 33 shots - (0,848), L, 0-7-0, 60:00 minutes
Mackenzie Blackwood (VAN), 31 saves from 33 shots - (0,939), W, 3-0-0, 60:00 minutes
3 StarsOfficial
1 - John Tavares (VAN)
2 - Ryan Johansen (VAN)
3 - Jeff Petry (VAN)
Referees : Shauna Neary and Laura White
Linesman : Mitchell Hunt and Jessica Chartrand
Game Note
Oliver Ekman-Larsson and Kyle Burroughs fight to a draw at 3:09 of 1st period
Finance
Level 1 -- Attendance: 4126 (64%) -- Ticket Income $412,600
Level 2 -- Attendance: 3701 (66%) -- Ticket Income $222,060
Level 3 -- Attendance: 3728 (67%) -- Ticket Income $111,840
Level 4 -- Attendance: 2802 (57%) -- Ticket Income $56,040
Luxury Box -- Attendance: 911 (79%) -- Ticket Income $182,200
Game was played at the General Motors Place.
Total Attendance: 15268 (65%)
Total Ticket Income: $984,740
Other Income: $295,422
Total Income: $1,280,162



Team Name Goals Shots Shots Attemp Shots Blocked PIM HIT PP PK FO%
Islanders 23370109240 / 5 (0%)148%
Canucks 533541315201 / 2 (50%)052%

Islanders
Player Name POS G A P +/- PIM HIT SHT SB MP PP MP PP SHT PK MP PK SHT FO% FOT GA TA
Brock McGinnLW/RW000-2021122:544:4012:4700% 100
Caleb JonesD000-3222127:224:5711:4800% 000
Dylan CoghlanD0000000015:020:0000:5200% 000
Filip ZadinaLW/RW011102208:550:0000:0000% 000
Jakub VoracekLW/RW1010011119:044:2400:170100% 110
Josh ArchibaldLW/RW000-1011113:124:0700:000100% 120
Josh BaileyLW/RW000-2006122:544:4042:47046% 2401
Kyle BurroughsD0001701017:582:5401:0600% 000
Milan LucicLW/RW0110032019:214:2400:4300% 010
Nicklas BackstromC0110022119:164:4000:17050% 1600
Nicolas MelocheD0000020012:340:0000:0000% 001
Ondrej KaseRW000-100008:440:0000:000100% 110
Rasmus AsplundC/LW101100508:440:0000:00020% 500
Rasmus KupariC/LW/RW000-1023013:564:2400:43057% 700
Robert BortuzzoD000-2030223:051:0002:5500% 000
Simon HolmstromRW011101008:440:0000:0000% 010
Sonny MilanoLW/RW000-2026220:284:5710:0000% 011
Will ButcherD0000011013:570:1310:5300% 000
Canucks
Player Name POS G A P +/- PIM HIT SHT SB MP PP MP PP SHT PK MP PK SHT FO% FOT GA TA
Austin WatsonLW/RW000-1001011:440:0000:0000% 000
Brian DumoulinD0003001127:572:5205:1900% 012
Eeli TolvanenLW/RW1011007217:110:5800:00050% 210
Jeff PetryD0222022125:432:5215:1900% 000
Jesse PuljujarviRW0111241117:230:5800:00033% 300
John TavaresC/LW2242035126:022:4915:02060% 2500
Jonathan DrouinC/LW000001105:310:0001:4700% 000
Jonathan ToewsC0111202019:220:5801:54047% 1710
Josh AndersonLW/RW0222222025:282:4914:170100% 100
Justin SchultzD000-1021120:320:5503:4500% 000
Marcus BjorkD000100004:250:0000:0000% 001
Mikey AndersonD000-1011219:280:5503:4500% 001
Nils AmanC000000000:460:0000:0000% 000
Oliver Ekman-LarssonD0000700210:220:0000:0000% 000
Pierre-Edouard BellemareC/LW000-1021214:520:0002:45043% 700
Ryan JohansenC/RW2022215020:402:4912:1800% 101
Vincent DesharnaisD0000010011:310:0000:0000% 001
William CarrierLW000-1013011:530:0000:0500% 001

Islanders

5 vs 5 Forward
Line #Left WingCenterRight WingPHYDFOFWanted %Time %Time Play
1Sonny MilanoJosh BaileyBrock McGinn1224033%15:27
2Jakub VoracekNicklas BackstromMilan Lucic0233030%14:14
3Josh ArchibaldRasmus KupariOndrej Kase2212019%8:44
4Simon HolmstromRasmus AsplundFilip Zadina0231019%8:44
5 vs 5 Defense
Line #DefenseDefensePHYDFOFWanted %Time %Time Play
1Robert BortuzzoCaleb Jones2304040%19:01
2Kyle BurroughsDylan Coghlan2303032%14:55
3Will ButcherNicolas Meloche2302527%12:34
4Robert BortuzzoCaleb Jones32051%0:39
Power Play Forward
Line #Left WingCenterRight WingPHYDFOFWanted %Time %Time Play
1Josh BaileyNicklas BackstromBrock McGinn0056051%4:40
2Jakub VoracekRasmus KupariMilan Lucic0054049%4:24
Power Play Defense
Line #DefenseDefensePHYDFOFWanted %Time %Time Play
1Sonny MilanoCaleb Jones0056055%4:57
2Josh ArchibaldKyle Burroughs0054045%4:07
Penalty Kill 4 Players Forward
Line #CenterWingPHYDFOFWanted %Time %Time Play
1Josh BaileyBrock McGinn0505581%3:04
2Rasmus KupariMilan Lucic0504519%0:43
Penalty Kill 4 Players Defense
Line #DefenseDefensePHYDFOFWanted %Time %Time Play
1Robert BortuzzoCaleb Jones0505581%3:05
2Kyle BurroughsDylan Coghlan0504519%0:42
Penalty Kill 3 Players
Line #WingPHYDFOFWanted %Time %Time PlayDefenseDefensePHYDFOFWanted %Time %Time Play
1Brock McGinn050500%0:00 Robert BortuzzoCaleb Jones050500%0:00
2Rasmus Kupari050500%0:00 Kyle BurroughsDylan Coghlan050500%0:00
4 vs 4 Forward
Line #CenterWingPHYDFOFWanted %Time %Time Play
1Nicklas BackstromJosh Bailey131650%0:00
2Rasmus KupariBrock McGinn221350%0:00
4 vs 4 Defense
Line #DefensePHYDFOFWanted %Time %Time Play
1Robert BortuzzoCaleb Jones230650%0:00
2Kyle BurroughsDylan Coghlan140350%0:00
Last Minutes Offensive
Left WingCenterRight WingDefenseDefense
Josh BaileyNicklas BackstromBrock McGinnSonny MilanoCaleb Jones
Last Minutes Defensive
Left WingCenterRight WingDefenseDefense
Josh BaileyRasmus KupariBrock McGinnRobert BortuzzoCaleb Jones
Time
Total ForwardTotal DefenseLast Minutes OffensiveLast Minutes Defensive
60:00 60:00 0:000:00
Extra Forwards
Normal PowerPlayPenalty Kill
Filip Zadina, Rasmus Kupari, Josh BaileyFilip Zadina, Sonny MilanoMilan Lucic
Extra Defensemen
Normal PowerPlayPenalty Kill
Kyle Burroughs, Caleb Jones, Robert BortuzzoRobert Bortuzzo, Kyle BurroughsCaleb Jones
Penalty Shots
Josh Bailey, Sonny Milano, Brock McGinn, Caleb Jones, Filip Zadina
Goalie
Mike Smith, Chris Driedger
Scratches
Carl Hagelin (Healthy), Christian Wolanin (Healthy), Rocco Grimaldi (Healthy)

Canucks

5 vs 5 Forward
Line #Left WingCenterRight WingPHYDFOFWanted %Time %Time Play
1Josh AndersonJohn TavaresRyan Johansen1224034%15:49
2Eeli TolvanenJonathan ToewsJesse Puljujarvi1223035%16:23
3William CarrierPierre-Edouard BellemareAustin Watson1222025%11:44
4John TavaresJonathan DrouinJosh Anderson122107%3:13
5 vs 5 Defense
Line #DefenseDefensePHYDFOFWanted %Time %Time Play
1Brian DumoulinJeff Petry1224037%17:32
2Mikey AndersonJustin Schultz1223031%14:48
3Oliver Ekman-LarssonVincent Desharnais1222024%11:31
4Marcus BjorkBrian Dumoulin122107%3:18
Power Play Forward
Line #Left WingCenterRight WingPHYDFOFWanted %Time %Time Play
1Josh AndersonJohn TavaresRyan Johansen1226074%2:49
2Eeli TolvanenJonathan ToewsJesse Puljujarvi1224026%0:58
Power Play Defense
Line #DefenseDefensePHYDFOFWanted %Time %Time Play
1Brian DumoulinJeff Petry1226076%2:52
2Mikey AndersonJustin Schultz1224024%0:55
Penalty Kill 4 Players Forward
Line #CenterWingPHYDFOFWanted %Time %Time Play
1John TavaresJosh Anderson1226069%6:16
2Ryan JohansenJonathan Toews1224031%2:48
Penalty Kill 4 Players Defense
Line #DefenseDefensePHYDFOFWanted %Time %Time Play
1Brian DumoulinJeff Petry1226059%5:19
2Mikey AndersonJustin Schultz1224041%3:45
Penalty Kill 3 Players
Line #WingPHYDFOFWanted %Time %Time PlayDefenseDefensePHYDFOFWanted %Time %Time Play
1John Tavares122600%0:00 Brian DumoulinJeff Petry122600%0:00
2Josh Anderson122400%0:00 Mikey AndersonJustin Schultz122400%0:00
4 vs 4 Forward
Line #CenterWingPHYDFOFWanted %Time %Time Play
1John TavaresJosh Anderson122600%0:00
2Ryan JohansenJonathan Toews122400%0:00
4 vs 4 Defense
Line #DefensePHYDFOFWanted %Time %Time Play
1Brian DumoulinJeff Petry122600%0:00
2Mikey AndersonJustin Schultz122400%0:00
Last Minutes Offensive
Left WingCenterRight WingDefenseDefense
Josh AndersonJohn TavaresRyan JohansenBrian DumoulinJeff Petry
Last Minutes Defensive
Left WingCenterRight WingDefenseDefense
Josh AndersonJohn TavaresRyan JohansenBrian DumoulinJeff Petry
Time
Total ForwardTotal DefenseLast Minutes OffensiveLast Minutes Defensive
60:00 60:00 0:000:00
Extra Forwards
Normal PowerPlayPenalty Kill
Nils Aman, William Carrier, Pierre-Edouard BellemareNils Aman, William CarrierPierre-Edouard Bellemare
Extra Defensemen
Normal PowerPlayPenalty Kill
Oliver Ekman-Larsson, Vincent Desharnais, Marcus BjorkOliver Ekman-Larsson, Vincent DesharnaisMarcus Bjork
Penalty Shots
John Tavares, Josh Anderson, Ryan Johansen, Jonathan Toews, Eeli Tolvanen
Goalie
Mackenzie Blackwood, Anton Forsberg
Scratches
None


Play-by-Play

1st period


0:01 of 1st period - John Tavares wins face-off versus Josh Bailey in neutral zone.
0:10 of 1st period - Wrist shot by John Tavares.
0:10 of 1st period - Stopped by Mike Smith without a rebound.
0:11 of 1st period - Nicklas Backstrom wins face-off versus Jonathan Toews in Islanders zone.
0:24 of 1st period - Slapshot by Jesse Puljujarvi.
0:24 of 1st period - Stopped by Mike Smith with a rebound.
0:26 of 1st period - Wrist shot by Mikey Anderson.
0:26 of 1st period - Deflect By Nicklas Backstrom.
0:26 of 1st period - Stopped by Mike Smith without a rebound.
0:27 of 1st period - Rasmus Kupari wins face-off versus Pierre-Edouard Bellemare in Islanders zone.
0:54 of 1st period - Ondrej Kase is hit by Jesse Puljujarvi and loses puck.
1:26 of 1st period - Snap shot by Josh Anderson.
1:26 of 1st period - Stopped by Mike Smith with a rebound.
2:57 of 1st period - Rasmus Asplund is hit by William Carrier and loses puck.
3:08 of 1st period - Wrist shot by Austin Watson.
3:08 of 1st period - Stopped by Mike Smith without a rebound.
3:09 of 1st period - Jonathan Toews wins face-off versus Josh Bailey in Islanders zone.
3:09 of 1st period - Oliver Ekman-Larsson and Kyle Burroughs fight to a draw.
3:09 of 1st period - Penalty to Oliver Ekman-Larsson for Fighting.
3:09 of 1st period - Penalty to Kyle Burroughs for Fighting.
3:10 of 1st period - John Tavares wins face-off versus Josh Bailey in Islanders zone.
3:19 of 1st period - Slapshot by Ryan Johansen.
3:19 of 1st period - Goal by Ryan Johansen - Islanders : 0 - Canucks : 1.
3:20 of 1st period - John Tavares wins face-off versus Josh Bailey in neutral zone.
3:29 of 1st period - Wrist shot by John Tavares.
3:29 of 1st period - Shot Blocked by Caleb Jones.
3:59 of 1st period - Slapshot by Sonny Milano.
3:59 of 1st period - Stopped by Mackenzie Blackwood with a rebound.
4:05 of 1st period - Slapshot by Sonny Milano.
4:05 of 1st period - Shot Misses the Net.
4:17 of 1st period - Minor Penalty to Josh Anderson for Hooking.
4:18 of 1st period - John Tavares wins face-off versus Rasmus Kupari in Canucks zone.
4:28 of 1st period - Snap shot by Milan Lucic.
4:28 of 1st period - Shot Misses the Net.
4:30 of 1st period - Snap shot by Will Butcher.
4:30 of 1st period - Stopped by Mackenzie Blackwood without a rebound.
4:31 of 1st period - Pierre-Edouard Bellemare wins face-off versus Rasmus Kupari in Canucks zone.
5:48 of 1st period - Justin Schultz is hit by Josh Archibald.
6:17 of 1st period - Penalty to Josh Anderson is over, Josh Anderson is back on ice.
6:30 of 1st period - Vincent Desharnais is hit by Filip Zadina and loses puck.
6:55 of 1st period - Rasmus Kupari is hit by Ryan Johansen.
7:21 of 1st period - Nicolas Meloche is hit by John Tavares and loses puck.
7:34 of 1st period - Wrist shot by William Carrier.
7:34 of 1st period - Stopped by Mike Smith with a rebound.
8:26 of 1st period - Jakub Voracek is hit by Josh Anderson and loses puck.
10:07 of 1st period - Josh Archibald is hit by Justin Schultz and loses puck.
11:19 of 1st period - Wrist shot by Filip Zadina.
11:19 of 1st period - Stopped by Mackenzie Blackwood without a rebound.
11:20 of 1st period - Pierre-Edouard Bellemare wins face-off versus Rasmus Asplund in Canucks zone.
11:25 of 1st period - Snap shot by Filip Zadina.
11:25 of 1st period - Shot Blocked by Pierre-Edouard Bellemare.
12:03 of 1st period - Snap shot by Ryan Johansen.
12:03 of 1st period - Deflect By John Tavares.
12:03 of 1st period - Stopped by Mike Smith with a rebound.
12:13 of 1st period - Snap shot by Milan Lucic.
12:13 of 1st period - Shot Misses the Net.
12:27 of 1st period - Wrist shot by Josh Archibald.
12:27 of 1st period - Stopped by Mackenzie Blackwood without a rebound.
12:28 of 1st period - Josh Bailey wins face-off versus Jonathan Toews in Canucks zone.
12:37 of 1st period - Kyle Burroughs is hit by Jesse Puljujarvi and loses puck.
13:10 of 1st period - Jakub Voracek is hit by Jeff Petry and loses puck.
13:19 of 1st period - Jeff Petry is hit by Nicolas Meloche and loses puck.
13:40 of 1st period - Wrist shot by John Tavares.
13:40 of 1st period - Goal by John Tavares - Islanders : 0 - Canucks : 2.
13:41 of 1st period - Josh Bailey wins face-off versus Jonathan Toews in neutral zone.
13:53 of 1st period - Slapshot by Eeli Tolvanen.
13:53 of 1st period - Goal by Eeli Tolvanen - Islanders : 0 - Canucks : 3.
13:54 of 1st period - John Tavares wins face-off versus Josh Bailey in neutral zone.
14:23 of 1st period - Snap shot by Jonathan Toews.
14:23 of 1st period - Stopped by Mike Smith with a rebound.
14:25 of 1st period - Slapshot by Justin Schultz.
14:25 of 1st period - Stopped by Mike Smith without a rebound.
14:26 of 1st period - Nicklas Backstrom wins face-off versus Eeli Tolvanen in Islanders zone.
14:39 of 1st period - Slapshot by Nicklas Backstrom.
14:39 of 1st period - Shot Blocked by Eeli Tolvanen.
14:41 of 1st period - Slapshot by Kyle Burroughs.
14:41 of 1st period - Shot Blocked by Mikey Anderson.
14:49 of 1st period - Wrist shot by Nicklas Backstrom.
14:49 of 1st period - Deflect By Jakub Voracek.
14:49 of 1st period - Shot Misses the Net.
14:49 of 1st period - Puck is out of play.
14:50 of 1st period - Josh Bailey wins face-off versus John Tavares in Canucks zone.
15:07 of 1st period - Wrist shot by Ryan Johansen.
15:07 of 1st period - Shot Misses the Net.
15:23 of 1st period - Slapshot by Caleb Jones.
15:23 of 1st period - Stopped by Mackenzie Blackwood without a rebound.
15:24 of 1st period - Ondrej Kase wins face-off versus Jonathan Toews in Canucks zone.
15:51 of 1st period - Oliver Ekman-Larsson is hit by Sonny Milano and loses puck.
15:58 of 1st period - Josh Bailey is hit by Vincent Desharnais and loses puck.
16:13 of 1st period - Slapshot by Pierre-Edouard Bellemare.
16:13 of 1st period - Stopped by Mike Smith without a rebound.
16:14 of 1st period - Nicklas Backstrom wins face-off versus Pierre-Edouard Bellemare in Islanders zone.
16:21 of 1st period - Wrist shot by Jakub Voracek.
16:21 of 1st period - Shot Misses the Net.
16:29 of 1st period - Slapshot by Nicklas Backstrom.
16:29 of 1st period - Shot Misses the Net.
16:37 of 1st period - Robert Bortuzzo is hit by Pierre-Edouard Bellemare and loses puck.
16:50 of 1st period - Wrist shot by William Carrier.
16:50 of 1st period - Shot Misses the Net.
16:58 of 1st period - Snap shot by William Carrier.
16:58 of 1st period - Shot Blocked by Robert Bortuzzo.
17:00 of 1st period - Snap shot by Jeff Petry.
17:00 of 1st period - Stopped by Mike Smith without a rebound.
17:01 of 1st period - John Tavares wins face-off versus Josh Bailey in Islanders zone.
17:04 of 1st period - Snap shot by John Tavares.
17:04 of 1st period - Shot Misses the Net.
17:06 of 1st period - Wrist shot by Ryan Johansen.
17:06 of 1st period - Shot Misses the Net.
17:34 of 1st period - Wrist shot by Eeli Tolvanen.
17:34 of 1st period - Stopped by Mike Smith without a rebound.
17:35 of 1st period - Rasmus Kupari wins face-off versus Jonathan Toews in Islanders zone.
17:35 of 1st period - Rasmus Kupari is hit by Jesse Puljujarvi.
17:45 of 1st period - Slapshot by Ondrej Kase.
17:45 of 1st period - Shot Misses the Net.
17:55 of 1st period - Slapshot by Jonathan Toews.
17:55 of 1st period - Stopped by Mike Smith with a rebound.
17:57 of 1st period - Wrist shot by Jonathan Toews.
17:57 of 1st period - Shot Blocked by Nicklas Backstrom.
18:03 of 1st period - Jonathan Toews is hit by Jakub Voracek and loses puck.
18:22 of 1st period - Kyle Burroughs is hit by John Tavares and loses puck.
19:22 of 1st period - Icing by Eeli Tolvanen.
19:23 of 1st period - Josh Bailey wins face-off versus Jonathan Toews in Canucks zone.
19:24 of 1st period - Snap shot by Sonny Milano.
19:24 of 1st period - Stopped by Mackenzie Blackwood without a rebound.
19:25 of 1st period - John Tavares wins face-off versus Josh Bailey in Canucks zone.
19:25 of 1st period - John Tavares is hit by Sonny Milano.
19:28 of 1st period - Minor Penalty to Ryan Johansen for Hooking.
19:29 of 1st period - John Tavares wins face-off versus Nicklas Backstrom in Canucks zone.
19:59 of 1st period - Jakub Voracek is hit by Jeff Petry and loses puck.
Goals for this period are 0 for Islanders vs 3 for Canucks.
Shots for this period are 6 for Islanders vs 16 for Canucks.

2nd period


0:01 of 2nd period - Nicklas Backstrom wins face-off versus John Tavares in neutral zone.
0:15 of 2nd period - Slapshot by Caleb Jones.
0:15 of 2nd period - Shot Blocked by Jeff Petry.
0:17 of 2nd period - Wrist shot by Nicklas Backstrom.
0:17 of 2nd period - Shot Misses the Net.
0:36 of 2nd period - Slapshot by Caleb Jones.
0:36 of 2nd period - Stopped by Mackenzie Blackwood without a rebound.
0:37 of 2nd period - Pierre-Edouard Bellemare wins face-off versus Nicklas Backstrom in Canucks zone.
1:28 of 2nd period - Penalty to Ryan Johansen is over, Ryan Johansen is back on ice.
1:33 of 2nd period - Snap shot by Jonathan Toews.
1:33 of 2nd period - Shot Blocked by Sonny Milano.
1:35 of 2nd period - Slapshot by Justin Schultz.
1:35 of 2nd period - Shot Misses the Net.
1:37 of 2nd period - Snap shot by Ryan Johansen.
1:37 of 2nd period - Stopped by Mike Smith without a rebound.
1:38 of 2nd period - Rasmus Asplund wins face-off versus Jonathan Toews in Islanders zone.
1:43 of 2nd period - Brian Dumoulin is hit by Simon Holmstrom and loses puck.
1:54 of 2nd period - Snap shot by Filip Zadina.
1:54 of 2nd period - Shot Misses the Net.
2:10 of 2nd period - Slapshot by Nicklas Backstrom.
2:10 of 2nd period - Stopped by Mackenzie Blackwood without a rebound.
2:11 of 2nd period - Nicklas Backstrom wins face-off versus John Tavares in Canucks zone.
2:28 of 2nd period - Wrist shot by Jakub Voracek.
2:28 of 2nd period - Shot Misses the Net.
2:40 of 2nd period - Snap shot by Milan Lucic.
2:40 of 2nd period - Stopped by Mackenzie Blackwood without a rebound.
2:41 of 2nd period - Jonathan Toews wins face-off versus Josh Bailey in Canucks zone.
2:43 of 2nd period - Minor Penalty to Jonathan Toews for Holding Stick.
2:44 of 2nd period - Josh Anderson wins face-off versus Nicklas Backstrom in Canucks zone.
3:00 of 2nd period - Snap shot by Josh Bailey.
3:00 of 2nd period - Stopped by Mackenzie Blackwood with a rebound.
4:43 of 2nd period - Penalty to Jonathan Toews is over, Jonathan Toews is back on ice.
4:50 of 2nd period - Snap shot by Rasmus Asplund.
4:50 of 2nd period - Stopped by Mackenzie Blackwood without a rebound.
4:51 of 2nd period - Jonathan Toews wins face-off versus Rasmus Asplund in Canucks zone.
5:00 of 2nd period - Snap shot by Rasmus Asplund.
5:00 of 2nd period - Stopped by Mackenzie Blackwood without a rebound.
5:01 of 2nd period - Jonathan Toews wins face-off versus Rasmus Asplund in Canucks zone.
5:18 of 2nd period - Eeli Tolvanen is hit by Nicolas Meloche and loses puck.
5:49 of 2nd period - Oliver Ekman-Larsson is hit by Rasmus Kupari and loses puck.
6:06 of 2nd period - Slapshot by Brian Dumoulin.
6:06 of 2nd period - Stopped by Mike Smith without a rebound.
6:07 of 2nd period - Jakub Voracek wins face-off versus Jesse Puljujarvi in Islanders zone.
6:38 of 2nd period - Will Butcher is hit by Pierre-Edouard Bellemare and loses puck.
7:52 of 2nd period - Slapshot by Jesse Puljujarvi.
7:52 of 2nd period - Shot Misses the Net.
8:07 of 2nd period - Icing by Caleb Jones.
8:08 of 2nd period - Rasmus Kupari wins face-off versus Pierre-Edouard Bellemare in Islanders zone.
9:11 of 2nd period - Snap shot by Sonny Milano.
9:11 of 2nd period - Shot Blocked by Justin Schultz.
9:13 of 2nd period - Wrist shot by Sonny Milano.
9:13 of 2nd period - Stopped by Mackenzie Blackwood without a rebound.
9:14 of 2nd period - Jonathan Toews wins face-off versus Nicklas Backstrom in Canucks zone.
9:27 of 2nd period - Eeli Tolvanen is hit by Nicklas Backstrom.
9:57 of 2nd period - Snap shot by Rasmus Kupari.
9:57 of 2nd period - Shot Misses the Net.
10:32 of 2nd period - Oliver Ekman-Larsson is hit by Brock McGinn and loses puck.
10:37 of 2nd period - Snap shot by Josh Bailey.
10:37 of 2nd period - Stopped by Mackenzie Blackwood without a rebound.
10:38 of 2nd period - John Tavares wins face-off versus Brock McGinn in Canucks zone.
10:55 of 2nd period - Wrist shot by Brock McGinn.
10:55 of 2nd period - Deflect By Sonny Milano.
10:55 of 2nd period - Shot Blocked by John Tavares.
10:55 of 2nd period - Puck is out of play.
10:56 of 2nd period - Jonathan Toews wins face-off versus Nicklas Backstrom in Canucks zone.
10:56 of 2nd period - Jonathan Toews is hit by Robert Bortuzzo.
11:08 of 2nd period - Wrist shot by Jesse Puljujarvi.
11:08 of 2nd period - Shot Blocked by Jakub Voracek.
11:16 of 2nd period - Jesse Puljujarvi is hit by Milan Lucic and loses puck.
11:39 of 2nd period - Snap shot by John Tavares.
11:39 of 2nd period - Shot Blocked by Brock McGinn.
11:41 of 2nd period - Minor Penalty to Caleb Jones for Charging.
11:42 of 2nd period - Josh Bailey wins face-off versus Ryan Johansen in Islanders zone.
12:09 of 2nd period - Jesse Puljujarvi is hit by Milan Lucic and loses puck.
13:10 of 2nd period - Brian Dumoulin is hit by Nicklas Backstrom and loses puck.
13:41 of 2nd period - Penalty to Caleb Jones is over, Caleb Jones is back on ice.
13:58 of 2nd period - Snap shot by William Carrier.
13:58 of 2nd period - Stopped by Mike Smith with a rebound.
14:00 of 2nd period - Snap shot by William Carrier.
14:00 of 2nd period - Stopped by Mike Smith with a rebound.
14:23 of 2nd period - Slapshot by Jakub Voracek.
14:23 of 2nd period - Deflect By Nicklas Backstrom.
14:23 of 2nd period - Shot Blocked by Pierre-Edouard Bellemare.
14:23 of 2nd period - Puck is out of play.
14:24 of 2nd period - Rasmus Kupari wins face-off versus Jonathan Toews in Canucks zone.
14:33 of 2nd period - Snap shot by Rasmus Kupari.
14:33 of 2nd period - Stopped by Mackenzie Blackwood without a rebound.
14:34 of 2nd period - Jonathan Toews wins face-off versus Rasmus Kupari in Canucks zone.
14:43 of 2nd period - Snap shot by Eeli Tolvanen.
14:43 of 2nd period - Shot Misses the Net.
15:01 of 2nd period - Wrist shot by Jakub Voracek.
15:01 of 2nd period - Goal by Jakub Voracek - Islanders : 1 - Canucks : 3.
15:02 of 2nd period - Josh Bailey wins face-off versus John Tavares in neutral zone.
15:19 of 2nd period - Wrist shot by Josh Anderson.
15:19 of 2nd period - Shot Blocked by Robert Bortuzzo.
16:14 of 2nd period - Slapshot by Rasmus Asplund.
16:14 of 2nd period - Stopped by Mackenzie Blackwood with a rebound.
16:16 of 2nd period - Snap shot by Dylan Coghlan.
16:16 of 2nd period - Shot Blocked by Jesse Puljujarvi.
16:18 of 2nd period - Slapshot by Kyle Burroughs.
16:18 of 2nd period - Stopped by Mackenzie Blackwood with a rebound.
17:06 of 2nd period - Snap shot by Rasmus Asplund.
17:06 of 2nd period - Goal by Rasmus Asplund - Islanders : 2 - Canucks : 3.
17:07 of 2nd period - Jesse Puljujarvi wins face-off versus Josh Bailey in neutral zone.
17:10 of 2nd period - Caleb Jones is hit by Justin Schultz and loses puck.
17:17 of 2nd period - Slapshot by Eeli Tolvanen.
17:17 of 2nd period - Stopped by Mike Smith with a rebound.
17:19 of 2nd period - Snap shot by Eeli Tolvanen.
17:19 of 2nd period - Stopped by Mike Smith without a rebound.
17:20 of 2nd period - Josh Bailey wins face-off versus John Tavares in Islanders zone.
17:35 of 2nd period - Slapshot by John Tavares.
17:35 of 2nd period - Stopped by Mike Smith with a rebound.
17:53 of 2nd period - Wrist shot by William Carrier.
17:53 of 2nd period - Shot Misses the Net.
17:55 of 2nd period - Slapshot by Justin Schultz.
17:55 of 2nd period - Shot Blocked by Sonny Milano.
18:35 of 2nd period - Caleb Jones is hit by John Tavares and loses puck.
18:40 of 2nd period - Snap shot by John Tavares.
18:40 of 2nd period - Shot Blocked by Josh Archibald.
18:42 of 2nd period - Snap shot by Ryan Johansen.
18:42 of 2nd period - Goal by Ryan Johansen - Islanders : 2 - Canucks : 4.
18:43 of 2nd period - Josh Bailey wins face-off versus John Tavares in neutral zone.
19:00 of 2nd period - Snap shot by Ryan Johansen.
19:00 of 2nd period - Stopped by Mike Smith with a rebound.
19:18 of 2nd period - Slapshot by Eeli Tolvanen.
19:18 of 2nd period - Stopped by Mike Smith without a rebound.
19:19 of 2nd period - John Tavares wins face-off versus Nicklas Backstrom in Islanders zone.
19:28 of 2nd period - Snap shot by Ryan Johansen.
19:28 of 2nd period - Shot Misses the Net.
19:51 of 2nd period - Nicolas Meloche is hit by Jesse Puljujarvi and loses puck.
Goals for this period are 2 for Islanders vs 1 for Canucks.
Shots for this period are 13 for Islanders vs 10 for Canucks.

3rd period


0:01 of 3rd period - John Tavares wins face-off versus Josh Bailey in neutral zone.
0:26 of 3rd period - Jonathan Toews is hit by Robert Bortuzzo and loses puck.
0:35 of 3rd period - Snap shot by Jakub Voracek.
0:35 of 3rd period - Shot Misses the Net.
0:37 of 3rd period - Wrist shot by Kyle Burroughs.
0:37 of 3rd period - Shot Misses the Net.
0:43 of 3rd period - Minor Penalty to Jesse Puljujarvi for Interference.
0:44 of 3rd period - Nicklas Backstrom wins face-off versus John Tavares in Canucks zone.
0:45 of 3rd period - Wrist shot by Josh Bailey.
0:45 of 3rd period - Stopped by Mackenzie Blackwood with a rebound.
0:47 of 3rd period - Snap shot by Brock McGinn.
0:47 of 3rd period - Stopped by Mackenzie Blackwood with a rebound.
1:01 of 3rd period - Slapshot by Nicklas Backstrom.
1:01 of 3rd period - Shot Blocked by Mikey Anderson.
2:40 of 3rd period - Josh Archibald is hit by Jonathan Drouin and loses puck.
2:43 of 3rd period - Penalty to Jesse Puljujarvi is over, Jesse Puljujarvi is back on ice.
2:55 of 3rd period - Snap shot by Jesse Puljujarvi.
2:55 of 3rd period - Deflect By Jonathan Drouin.
2:55 of 3rd period - Stopped by Mike Smith without a rebound.
2:56 of 3rd period - Eeli Tolvanen wins face-off versus Rasmus Asplund in Islanders zone.
3:11 of 3rd period - Backhand shot by Eeli Tolvanen.
3:11 of 3rd period - Stopped by Mike Smith without a rebound.
3:12 of 3rd period - John Tavares wins face-off versus Josh Bailey in Islanders zone.
3:23 of 3rd period - Slapshot by Ryan Johansen.
3:23 of 3rd period - Shot Misses the Net.
4:00 of 3rd period - Austin Watson is hit by Rasmus Kupari and loses puck.
4:28 of 3rd period - Slapshot by Dylan Coghlan.
4:28 of 3rd period - Shot Hit the Post.
4:57 of 3rd period - Minor Penalty to Kyle Burroughs for Boarding.
4:58 of 3rd period - John Tavares wins face-off versus Josh Bailey in Islanders zone.
5:03 of 3rd period - Wrist shot by Ryan Johansen.
5:03 of 3rd period - Stopped by Mike Smith with a rebound.
5:05 of 3rd period - Slapshot by Jeff Petry.
5:05 of 3rd period - Stopped by Mike Smith without a rebound.
5:06 of 3rd period - John Tavares wins face-off versus Josh Bailey in Islanders zone.
5:07 of 3rd period - Slapshot by Josh Anderson.
5:07 of 3rd period - Deflect By Caleb Jones.
5:07 of 3rd period - Shot Blocked by Josh Bailey.
5:07 of 3rd period - Puck is out of play.
5:08 of 3rd period - Josh Bailey wins face-off versus John Tavares in Islanders zone.
5:27 of 3rd period - Snap shot by John Tavares.
5:27 of 3rd period - Shot Misses the Net.
5:47 of 3rd period - Backhand shot by Josh Anderson.
5:47 of 3rd period - Stopped by Mike Smith with a rebound.
6:45 of 3rd period - Snap shot by John Tavares.
6:45 of 3rd period - Goal by John Tavares - Islanders : 2 - Canucks : 5.
6:46 of 3rd period - Nicklas Backstrom wins face-off versus Jesse Puljujarvi in neutral zone.
6:51 of 3rd period - Snap shot by Will Butcher.
6:51 of 3rd period - Deflect By Jakub Voracek.
6:51 of 3rd period - Shot Misses the Net.
6:51 of 3rd period - Puck is out of play.
6:52 of 3rd period - Jonathan Toews wins face-off versus Nicklas Backstrom in Canucks zone.
6:52 of 3rd period - Jonathan Toews is hit by Will Butcher.
7:06 of 3rd period - Jakub Voracek is hit by Mikey Anderson and loses puck.
8:08 of 3rd period - Jakub Voracek is hit by Josh Anderson and loses puck.
8:23 of 3rd period - Wrist shot by Rasmus Asplund.
8:23 of 3rd period - Stopped by Mackenzie Blackwood with a rebound.
8:53 of 3rd period - Wrist shot by Rasmus Kupari.
8:53 of 3rd period - Stopped by Mackenzie Blackwood with a rebound.
10:12 of 3rd period - Wrist shot by Josh Archibald.
10:12 of 3rd period - Shot Misses the Net.
10:30 of 3rd period - Oliver Ekman-Larsson is hit by Milan Lucic and loses puck.
10:35 of 3rd period - Snap shot by Milan Lucic.
10:35 of 3rd period - Shot Blocked by Eeli Tolvanen.
10:55 of 3rd period - Ryan Johansen is hit by Robert Bortuzzo and loses puck.
11:38 of 3rd period - Wrist shot by Milan Lucic.
11:38 of 3rd period - Shot Blocked by Brian Dumoulin.
11:57 of 3rd period - Pierre-Edouard Bellemare is hit by Brock McGinn and loses puck.
12:02 of 3rd period - Wrist shot by Josh Bailey.
12:02 of 3rd period - Stopped by Mackenzie Blackwood with a rebound.
12:04 of 3rd period - Wrist shot by Brock McGinn.
12:04 of 3rd period - Shot Misses the Net.
12:06 of 3rd period - Snap shot by Caleb Jones.
12:06 of 3rd period - Deflect By Josh Bailey.
12:06 of 3rd period - Shot Misses the Net.
12:06 of 3rd period - Puck is out of play.
12:07 of 3rd period - Josh Bailey wins face-off versus John Tavares in Canucks zone.
12:10 of 3rd period - Slapshot by Sonny Milano.
12:10 of 3rd period - Stopped by Mackenzie Blackwood with a rebound.
12:35 of 3rd period - Off-side.
12:36 of 3rd period - Josh Archibald wins face-off versus Pierre-Edouard Bellemare in neutral zone.
15:00 of 3rd period - Brian Dumoulin is hit by Caleb Jones and loses puck.
15:19 of 3rd period - Jonathan Toews is hit by Caleb Jones and loses puck.
15:28 of 3rd period - Slapshot by Josh Archibald.
15:28 of 3rd period - Deflect By Rasmus Kupari.
15:28 of 3rd period - Stopped by Mackenzie Blackwood with a rebound.
15:30 of 3rd period - Slapshot by Robert Bortuzzo.
15:30 of 3rd period - Shot Misses the Net.
15:42 of 3rd period - John Tavares is hit by Filip Zadina and loses puck.
17:17 of 3rd period - Snap shot by Filip Zadina.
17:17 of 3rd period - Stopped by Mackenzie Blackwood with a rebound.
17:39 of 3rd period - Wrist shot by Josh Archibald.
17:39 of 3rd period - Shot Blocked by Oliver Ekman-Larsson.
17:41 of 3rd period - Wrist shot by Sonny Milano.
17:41 of 3rd period - Shot Misses the Net.
17:43 of 3rd period - Snap shot by Sonny Milano.
17:43 of 3rd period - Shot Misses the Net.
17:45 of 3rd period - Slapshot by Brock McGinn.
17:45 of 3rd period - Shot Blocked by Oliver Ekman-Larsson.
17:47 of 3rd period - Snap shot by Sonny Milano.
17:47 of 3rd period - Stopped by Mackenzie Blackwood without a rebound.
17:48 of 3rd period - Josh Bailey wins face-off versus Jonathan Toews in Canucks zone.
17:59 of 3rd period - Snap shot by Eeli Tolvanen.
17:59 of 3rd period - Stopped by Mike Smith with a rebound.
18:24 of 3rd period - Icing by Nicolas Meloche.
18:25 of 3rd period - John Tavares wins face-off versus Nicklas Backstrom in Islanders zone.
18:36 of 3rd period - Wrist shot by Nicklas Backstrom.
18:36 of 3rd period - Shot Misses the Net.
18:38 of 3rd period - Wrist shot by Milan Lucic.
18:38 of 3rd period - Stopped by Mackenzie Blackwood with a rebound.
18:40 of 3rd period - Wrist shot by Nicklas Backstrom.
18:40 of 3rd period - Stopped by Mackenzie Blackwood with a rebound.
18:42 of 3rd period - Snap shot by Milan Lucic.
18:42 of 3rd period - Shot Misses the Net.
18:51 of 3rd period - Minor Penalty to Oliver Ekman-Larsson for Holding Stick.
18:52 of 3rd period - Nicklas Backstrom wins face-off versus John Tavares in Canucks zone.
18:52 of 3rd period - Snap shot by Josh Bailey.
18:52 of 3rd period - Stopped by Mackenzie Blackwood with a rebound.
18:54 of 3rd period - Wrist shot by Brock McGinn.
18:54 of 3rd period - Shot Misses the Net.
18:56 of 3rd period - Slapshot by Sonny Milano.
18:56 of 3rd period - Stopped by Mackenzie Blackwood with a rebound.
19:02 of 3rd period - Snap shot by Josh Bailey.
19:02 of 3rd period - Stopped by Mackenzie Blackwood with a rebound.
Goals for this period are 0 for Islanders vs 1 for Canucks.
Shots for this period are 14 for Islanders vs 7 for Canucks.